AoeStats
← maimadana

Arabia

510619339Analyzed
1v1 RM · 1d ago on Oct 1, 2026· 48m 2s· 2 players
Game mode
Random Map
Map size
Tiny (2 player)
Population
200
Speed
Normal
Resources
Standard
Victory
Conquest
Starting age
Dark Age
Ending age
Imperial Age
RankedLock teamsTeams togetherTeam positionsShared explorationLock speedFull tech treeHidden civsTurbo modeCheats
Victory
Defeat
🇦🇷 Khmer · Argentina
843
+14
🇨🇿 Byzantines · Czechia
805
-14
maimadana
3:43 Loom
11:02 Feudal Age
11:27 Double-Bit Axe
11:25 Horse Collar
23:01 Castle Age
22:11 Scale Mail Armor
22:04 Fletching
22:13 Gold Mining
23:42 Padded Archer Armor
23:21 Pikeman
26:14 Wheelbarrow
34:28 Chain Mail Armor
39:39 Imperial Age
40:01 Imperial Age
41:07 Halberdier
46:53 Heavy Camel Rider
ElPeter22
6:54 Loom
9:38 Feudal Age
10:26 Double-Bit Axe
13:01 Forging
13:28 Horse Collar
15:56 Scale Barding Armor
21:35 Castle Age
20:38 Bloodlines
20:49 Gold Mining
21:13 Stone Mining
22:49 Chain Barding Armor
31:26 Gold Shaft Mining
33:53 Husbandry
37:20 Imperial Age
36:04 Fletching
36:49 Iron Casting
37:29 Cavalier
40:27 Blast Furnace
40:48 Plate Barding Armor
47:52 Double Crossbow
Connection lost

Rejoining the realm…

Still unreachable

The connection could not be restored.

Session expired

The server has moved on; the page needs a fresh start.